AoeStats
← KaLong

Nomad

507659980Analyzed
4v4 RM · 14d ago on Sep 19, 2026· 27m 6s· 8 players
Game mode
Random Map
Map size
231×231
Population
200
Speed
Normal
Resources
Standard
Victory
Conquest
Starting age
Dark Age
Ending age
Imperial Age
RankedLock teamsTeams togetherTeam positionsShared explorationLock speedFull tech treeHidden civsTurbo modeCheats
Victory
Defeat
🇨🇳 Vietnamese · China
1467
+13
🇺🇸 Koreans · United States
1464
+13
🇺🇸 Huns · United States
1451
+13
🇮🇳 Persians · India
1429
+14
🇨🇴 Malians · Colombia
1439
-15
🇲🇽 Persians · Mexico
1412
-14
🇺🇸 Vietnamese · United States
1404
-14
🇨🇴 Huns · Colombia
1317
-10
.Bast
13:17 Feudal Age
17:38 Castle Age
15:35 Double-Bit Axe
16:39 Horse Collar
18:43 Bow Saw
22:03 Fletching
23:32 Wheelbarrow
24:37 Loom
25:08 Gold Mining
25:09 Stone Mining
26:52 Wheelbarrow
27:01 Scale Barding Armor
Huichotzin
4:49 Loom
16:13 Feudal Age
16:40 Double-Bit Axe
18:59 Fishing Lines
21:38 Castle Age
20:22 Stone Mining
23:13 Bow Saw
23:21 Gillnets
24:51 Wheelbarrow
26:49 Bloodlines
26:39 Husbandry
27:03 Scale Barding Armor
27:09 Forging
Bohemio_Antisemilla
4:23 Loom
20:44 Feudal Age
22:47 Town Watch
27:11 Castle Age
25:02 Double-Bit Axe
24:59 Horse Collar
Dadagama
10:29 Loom
14:22 Feudal Age
18:00 Castle Age
20:11 Gold Mining
20:25 Scale Mail Armor
20:38 Forging
21:04 Double-Bit Axe
24:51 Fletching
KaLong
4:58 Loom
12:41 Feudal Age
15:27 Double-Bit Axe
16:55 Fletching
24:07 Castle Age
24:17 Crossbowman
25:31 Gold Mining
27:22 Bodkin Arrow
arsenalchelsea2
7:29 Loom
15:21 Feudal Age
15:49 Double-Bit Axe
15:46 Horse Collar
19:47 Gold Mining
22:10 Castle Age
22:38 Scale Barding Armor
23:01 Bow Saw
23:55 Heavy Plow
倉木華
4:17 Loom
20:22 Feudal Age
22:14 Double-Bit Axe
22:09 Horse Collar
24:35 Castle Age
22:40 Fishing Lines
24:45 Scale Barding Armor
24:31 Gold Mining
25:20 Husbandry
enzoyin68
13:52 Feudal Age
15:21 Loom
15:29 Double-Bit Axe
15:36 Stone Mining
17:48 Castle Age
16:35 Fishing Lines
17:57 Fletching
19:21 Bow Saw
19:30 Bodkin Arrow
20:55 Gold Mining
24:42 Gillnets
26:00 Ballistics
27:12 Horse Collar
Connection lost

Rejoining the realm…

Still unreachable

The connection could not be restored.

Session expired

The server has moved on; the page needs a fresh start.